 Dungeon Crawl Stone Soup version 0.31-a0-1447-g87ca8d402b (webtiles) character file.

Game seed: 10395393815322921977

1865 MechMonkey the Ruffian (level 8, -1/84 HPs)
             Began as a Troll Fighter on Dec 27, 2023.
             Was a Follower of Okawaru.
             Slain by a killer bee (3 damage)
             ... on level 7 of the Dungeon.
             The game lasted 00:09:36 (5507 turns).

MechMonkey the Ruffian (Troll Fighter)              Turns: 5507, Time: 00:09:36

Health: -1/84      AC:  5    Str: 27    XL:     8   Next: 90%
Magic:  7/7        EV:  9    Int:  4    God:    Okawaru [*.....]
Gold:   295        SH:  8    Dex:  9    Spells: 7/7 levels left

rFire   . .          .
                       - Unarmed
rCold   . . .        b - +0 kite shield
rNeg    . . .        a - +0 robe
rPois   .            (helmet restricted)
rElec   .            l - +0 cloak
rCorr   .            (gloves unavailable)
SInv    .            (boots unavailable)
Will    .....        (no amulet)
Stlth   +            (no ring)
HPRegen 1.14/turn    (no ring)
MPRegen 0.10/turn

%: no passive effects
@: brilliant, lethally poisoned (-1 -> -2)
A: large, unfitting armour, claws 3, regeneration 1, shaggy fur 1, tough skin 1
a: Renounce Religion, Heroism


You were on level 7 of the Dungeon.
You worshipped Okawaru.
Okawaru was aware of your devotion.
You visited 1 branch of the dungeon, and saw 7 of its levels.

You collected 295 gold pieces.

Inventory:

Missiles
 h - 5 javelins (quivered)
 k - 4 silver javelins
Armour
 a - a +0 robe (worn)
 b - a +0 kite shield (worn)
 l - a +0 cloak (worn)
Jewellery
 d - a +6 ring of intelligence
 f - an amulet of regeneration
 n - a ring of magical power
Wands
 q - a wand of flame (19)
Scrolls
 g - 3 scrolls of torment
 j - a scroll of amnesia
 p - 2 scrolls of teleportation {unknown}
 r - a scroll of immolation {unknown}
 t - 2 scrolls of fear {unknown}
 u - a scroll of revelation


   Skills:
 + Level 6.5 Fighting
 - Level 2.4 Dodging
 + Level 5.7 Shields
 + Level 7.4 Unarmed Combat


You had 7 spell levels left.
You didn't know any spells.
Your spell library contained the following spells:

 Spells                   Type           Power      Damage    Failure   Level
 Cigotuvi's Dreadful Rot  Necr/Alch/Air  0%         N/A       85%         2
 Fugue of the Fallen      Necr           0%         N/A       97%         3
 Ozocubu's Armour         Ice            0%         N/A       97%         3
 Ignite Poison            Fire/Alch      0%         N/A       100%        4
 Manifold Assault         Tloc           0%         N/A       100%        4
 Freezing Cloud           Conj/Ice/Air   0%         6-21      100%        5
 Summon Small Mammal      Summ           Unusable   N/A       N/A         1
 Call Canine Familiar     Summ           Unusable   N/A       N/A         3
 Summon Blazeheart Golem  Fire/Summ      Unusable   N/A       N/A         4

Dungeon Overview and Level Annotations

Branches:
Dungeon (7/15)             Temple (0/1) D:6

Altars:
Hepliaklqana
Kikubaaqudgha
Okawaru
Qazlal
Ru
Sif Muna
Xom
Yredelemnul
Zin
The Shining One

Shops:
D:4 *   D:5 *


Innate Abilities, Weirdness & Mutations

You are too large for most types of armour.
You have claws for hands.
Your natural rate of healing is unusually fast.
You are covered in fur. (AC +1)
You have tough skin. (AC +1)


Message History

* * * LOW HITPOINT WARNING * * *
The killer bee stings you.
* * * LOW HITPOINT WARNING * * *
The killer bee closely misses you. The killer bee stings you.
* * * LOW HITPOINT WARNING * * *
Unknown command.
You bump into the rock wall.
You feel sick. The killer bee closely misses you.
The killer bee barely misses you. The killer bee stings you.
* * * LOW HITPOINT WARNING * * *
You are more poisoned.
The killer bee poisons you! The killer bee closely misses you.
Unknown command.
You bump into the rock wall.
You feel less invigorated.
You feel less confused.
You feel very sick. You block the killer bee's attack.
The killer bee stings you but does no damage.
The killer bee barely misses you. The killer bee stings you.
* * * LOW HITPOINT WARNING * * *
* * * LOW HITPOINT WARNING * * *
You feel very sick.
The killer bee attacks as it pursues you!
You block the killer bee's attack. The killer bee closely misses you.
You block the killer bee's attack. The killer bee barely misses you.
You miss the killer bee.
The killer bee is lightly wounded.
* * * LOW HITPOINT WARNING * * *
You feel very sick.
The killer bee barely misses you. x2; You block the killer bee's attack.
The killer bee closely misses you.
Unknown command.
Unknown command.
* * * LOW HITPOINT WARNING * * *
You feel sick.
The killer bee stings you but does no damage.
* * * LOW HITPOINT WARNING * * *
You feel sick.
The killer bee attacks as it pursues you!
The killer bee stings you.
You die...

...... ..#.............
.......## ##.###..#........
##.##.#######.###..#.....##. #
##.........#..........#
........................ # #
##.#######...............
#.##.##.######................
......†.....................
#.##.##.#...##.@............##
#....<..(.......y..........
.##.##.#...##..#.##..#....
!................y.......
#.#####.######..#†##..... ...#
#..#.# ##.. .....#
#........... #######
#..#........ #..####.....


You could see 2 killer bees.

Vanquished Creatures
  Grinder (D:6)
  3 water moccasins
  A sky beast (D:6)
  A phantom (D:5)
  A bullfrog (D:6)
  4 scorpions
  3 killer bees (D:7)
  A howler monkey (D:6)
  2 jellies
  3 hounds
  2 orc priests
  2 bombardier beetles
  A gnoll bouda (D:6)
  Terence (D:2)
  5 iguanas
  An orc wizard (D:5)
  9 gnolls
  3 adders (D:5)
  4 ufetubi (D:6)
  2 worms
  2 dart slugs (D:1)
  8 orcs
  8 ball pythons
  4 bats
  6 endoplasms
  6 giant cockroaches
  4 goblins
  9 hobgoblins
  10 kobolds
  4 quokkas
  4 frilled lizards
  6 rats
121 creatures vanquished.

Notes
Turn   | Place    | Note
-------+----------+-------------------------------------------
     0 | D:1      | MechMonkey the Troll Fighter began the quest for the Orb.
     0 | D:1      | Reached XP level 1. HP: 22/22 MP: 0/0
    56 | D:1      | Reached XP level 2. HP: 29/29 MP: 1/1
   403 | D:1      | Reached XP level 3. HP: 37/37 MP: 2/2
   607 | D:1      | Reached skill level 3 in Unarmed Combat
   945 | D:2      | Reached XP level 4. HP: 30/45 MP: 3/3
  1018 | D:2      | Noticed Terence
  1025 | D:2      | Killed Terence
  1957 | D:4      | Found Gubuy's Lightly-Used Armoury.
  1987 | D:4      | Found a basalt altar of Yredelemnul.
  2066 | D:4      | Reached skill level 4 in Unarmed Combat
  2066 | D:4      | Reached XP level 5. HP: 29/54 MP: 4/4
  2685 | D:4      | Found a shimmering altar of Xom.
  2686 | D:4      | Found a hazy altar of Hepliaklqana.
  2686 | D:4      | Noticed a cyan ugly thing
  2687 | D:4      | Noticed a spectral ugly thing
  2687 | D:4      | Noticed a cyan ugly thing
  2687 | D:4      | Noticed a cyan ugly thing
  2761 | D:4      | Reached XP level 6. HP: 53/63 MP: 5/5
  2828 | D:5      | Entered Level 5 of the Dungeon
  3046 | D:5      | Found a glowing golden altar of the Shining One.
  3053 | D:5      | Reached skill level 5 in Unarmed Combat
  3364 | D:5      | Found a shimmering blue altar of Sif Muna.
  3398 | D:5      | Noticed a water moccasin
  3405 | D:5      | Killed a water moccasin
  3406 | D:5      | Reached XP level 7. HP: 55/71 MP: 6/6
  3543 | D:6      | Reached skill level 5 in Fighting
  3764 | D:5      | Found an iron altar of Okawaru.
  3793 | D:5      | Became a worshipper of Warmaster Okawaru
  3974 | D:5      | Found Zin's Purification Station.
  3977 | D:5      | Found a glowing silver altar of Zin.
  3988 | D:5      | Reached skill level 6 in Unarmed Combat
  4511 | D:6      | Found an ancient bone altar of Kikubaaqudgha.
  4518 | D:6      | Reached XP level 8. HP: 81/81 MP: 7/7
  4580 | D:6      | Found a stormy altar of Qazlal.
  4617 | D:6      | Reached * piety under Okawaru
  4747 | D:6      | Noticed Grinder
  4750 | D:6      | Paralysed by Grinder for 2 turns
  4774 | D:6      | Killed Grinder
  4775 | D:6      | Reached skill level 5 in Shields
  4839 | D:6      | Reached skill level 7 in Unarmed Combat
  5104 | D:6      | Found a sacrificial altar of Ru.
  5190 | D:6      | Found a staircase to the Ecumenical Temple.
  5505 | D:7      | HP: 3/84 [poisoned by a killer bee]
  5507 | D:7      | Slain by a killer bee

Illustrated notes

Levels and vault maps discovered:
D:1:      spicycebolla_arrival_ecumenical, layout_basic
D:2:      layout_basic, uniq_terence
D:3:      wander_river, layout_loops_ring
D:4:      layout_loops_ring, regret_index_temple_of_mockery,
          mainiacjoe_overflow_alcove_4, minmay_shop_damaged, hex_medium,
          minmay_cut_off
D:5:      layout_loops_corners, mainiacjoe_overflow_cross_hatched,
          lemuel_round_altar, zin_purify, okawaru_altar_gauntlet_db
D:6:      hellmonk_crumbling_castle, layout_basic,
          nicolae_ru_the_path_less_chosen, overflow_temple_1_default,
          lemuel_tele_altar, minmay_temple_entry_hall, uniq_grinder
D:7:      layout_basic, slow_altar_1

Skill      XL: |  1  2  3  4  5  6  7  8 |
---------------+-------------------------+-----
Fighting       | 3 4 5 6 |  6.5
Unarmed Combat | 3 4 5 6 7 |  7.4
Shields        | 3 4 5 |  5.7
Dodging        | |  2.4

Action                     |  1- 3 |  4- 6 |  7- 9 || total
---------------------------+-------+-------+-------++-------
  Melee: Unarmed           |    89 |   112 |   153 ||   354
  Throw: Javelin           |       |     4 |     1 ||     5
    Use: Scroll            |     3 |     3 |     2 ||     8
         Potion            |     1 |     7 |     8 ||    16
   Stab: Sleeping          |       |     1 |       ||     1
 Armour: Robe              |    44 |    64 |   151 ||   259
  Dodge: Dodged            |    31 |    30 |    86 ||   147
  Block: Kite shield       |    39 |    25 |    65 ||   129

Table legend: (Time is in decaauts)
 A = Elapsed time spent in this place.
 B = Non-inter-level travel time spent in this place.
 C = Inter-level travel time spent in this place.
 D = Time resting spent in this place.
 E = Time spent auto-exploring this place.
 F = Levels seen in this place.
 G = Mean time per level.
                   A        B        C        D        E       F      G
               +--------+--------+--------+--------+--------+-----+--------+
         Total |   5518 |   5337 |    181 |   1179 |   3164 |   7 |  788.3 |
       Dungeon |   5518 |   5337 |    181 |   1179 |   3164 |   7 |  788.3 |
               +--------+--------+--------+--------+--------+-----+--------+

Top non-repeatable levels by time:
     D:5: 1585 daAuts
     D:6: 998 daAuts
     D:4: 823 daAuts
     D:3: 725 daAuts
     D:1: 685 daAuts
     D:2: 604 daAuts
     D:7: 94 daAuts
